 Dungeon Crawl Stone Soup version 0.31-a0-83-gbff143cfd1 (webtiles) character file.

Game seed: 17927442513353373903

6524 Sobieck the Destroyer (level 10, -5/50 HPs)
             Began as a Deep Elf Conjurer on May 24, 2023.
             Was a Believer of Vehumet.
             Killed by an exploding fulminant prism (34 damage)
             ... on level 9 of the Dungeon.
             The game lasted 00:21:32 (10390 turns).

Sobieck the Destroyer (Deep Elf Conjurer)          Turns: 10390, Time: 00:21:33

Health: -5/50      AC:  8    Str:  4    XL:     10   Next: 69%
Magic:  19/26      EV: 16    Int: 37    God:    Vehumet [**....]
Gold:   103        SH:  0    Dex: 13    Spells: 11/29 levels left

rFire   . . .        j - staff of conjuration
rCold   . . .        (no shield)
rNeg    . . .        v - +0 leather armour of Integrity {Int+3}
rPois   .            q - +0 helmet
rElec   .            (no cloak)
rCorr   .            B - +1 pair of gloves
SInv    .            p - +1 pair of boots
Will    +....        (no amulet)
Stlth   ++           t - +5 ring of evasion
HPRegen 0.28/turn    g - +6 ring of intelligence
MPRegen 0.20/turn

%: no passive effects
@: no status effects
A: no striking features
a: Renounce Religion


You were on level 9 of the Dungeon.
You worshipped Vehumet.
Vehumet was pleased with you.
You visited 2 branches of the dungeon, and saw 10 of its levels.

You collected 571 gold pieces.
You spent 468 gold pieces at shops.

Inventory:

Missiles
 Z - 2 throwing nets
Armour
 a - a +0 robe
 d - a scarf of harm
 p - a +1 pair of boots (worn)
 q - a +0 helmet (worn)
 v - the +0 leather armour of Integrity (worn) {Int+3}
   (You found it on level 3 of the Dungeon)

   Int:       It affects your intelligence (+3).
 B - a +1 pair of gloves (worn)
Magical Staves
 j - a staff of conjuration (weapon)
Jewellery
 e - a ring of flight
 f - an amulet of faith
 g - a +6 ring of intelligence (right hand)
 t - a +5 ring of evasion (left hand)
 z - an amulet of guardian spirit
Wands
 C - a wand of light (2)
 D - a wand of roots (20)
 V - a wand of flame (15)
Scrolls
 m - 2 scrolls of immolation {unknown}
 n - a scroll of enchant armour
 M - 2 scrolls of magic mapping
 T - 4 scrolls of teleportation
Potions
 b - 2 potions of magic
 c - 3 potions of heal wounds
 h - a potion of might {unknown}
 i - 2 potions of berserk rage
 k - 2 potions of invisibility
 l - 3 potions of mutation {unknown}
 r - 4 potions of brilliance
 s - a potion of ambrosia {unknown}
 w - 3 potions of attraction
 H - 3 potions of haste
 Q - 3 potions of curing


   Skills:
 - Level 2.4 Dodging
 - Level 2.4 Stealth
 - Level 10.0 Spellcasting
 * Level 14.4 Conjurations
 - Level 8.0 Hexes
 - Level 4.0 Translocations


You had 11 spell levels left.
You knew the following spells:

 Your Spells              Type           Power      Damage    Failure   Level
a - Magic Dart            Conj           100%       1d8       0%          1
b - Searing Ray           Conj           100%       2d8       0%          2
c - Fulminant Prism       Conj/Hex       47%        3d20      1%          4
d - Iskenderun's Mystic   Conj/Tloc      86%        2d17      1%          4
e - Orb of Destruction    Conj           56%        9d14      9%          7

Your spell library contained the following spells:

 Spells                   Type           Power      Damage    Failure   Level
 Freeze                   Ice            72%        1d8       3%          1
 Apportation              Tloc           96%        N/A       1%          1
 Dazzling Flash           Conj/Hex       100%       N/A       1%          3
 Necrotise                Necr           72%        1d7       3%          1
 Summon Small Mammal      Summ           72%        N/A       3%          1
 Inner Flame              Hex/Fire       38%        N/A       3%          3
 Summon Guardian Golem    Hex/Summ       38%        N/A       3%          3
 Scorch                   Fire           36%        2d6       6%          2
 Sublimation of Blood     Necr           18%        N/A       6%          2
 Wereblood                Tmut           18%        N/A       6%          2
 Volatile Blastmotes      Fire/Tloc      48%        2d14      9%          3
 Starburst                Conj/Fire      38%        6d11      45%         6
 Spellforged Servitor     Conj/Summ      38%        N/A       96%         7
 Plasma Beam              Fire/Air       4%         2x1d16    100%        6
 Summon Hydra             Summ           9%         N/A       100%        7
 Chain Lightning          Conj/Air       38%        3d50      100%        9


Dungeon Overview and Level Annotations

Branches:
Dungeon (9/15)             Temple (1/1) D:6            Lair (0/5) D:9
    Orc (0/2) D:9

Altars:
Ashenzari
Cheibriados
Dithmenos
Fedhas
Gozag
Makhleb
Nemelex Xobeh
Okawaru
Qazlal
Trog
Vehumet
Wu Jian
Yredelemnul
The Shining One

Shops:
D:6 *   D:7 *


Message History

You feel a surge of power!
You conjure a prism of explosive energy!
The steam dragon hisses angrily.
A fulminant prism comes into view.
The steam dragon breathes steam at you.
The ball of steam hits your fulminant prism.
Your fulminant prism resists.
The ball of steam hits you.
Your fulminant prism crackles loudly.
Your fulminant prism explodes!
The blast of energy engulfs the steam dragon!!
The steam dragon is almost dead.
Casting: Fulminant Prism (dangerous; 1% risk of failure)
Confirm with . or Enter, or press ? or * to list all spells.
Aiming: Fulminant Prism (dangerous; 1% risk of failure)
Press: ? - help, Dir - move target
Okay, then.
Unknown command.
Casting: Fulminant Prism (dangerous; 1% risk of failure)
Confirm with . or Enter, or press ? or * to list all spells.
Aiming: Fulminant Prism (dangerous; 1% risk of failure)
Press: ? - help, Dir - move target You feel a surge of power!
You conjure a prism of explosive energy!
A fulminant prism comes into view.
Your fulminant prism crackles loudly.
The steam dragon breathes steam at you.
The ball of steam hits your fulminant prism!
Your fulminant prism resists.
The ball of steam hits you!!
You are engulfed in a cloud of scalding steam.
You hear an explosion!
Vehumet accepts your kill.
You feel your power returning.
You feel a bit more experienced.
You start resting.
An elephant comes into view.
Danger!
Unknown command.
Casting: Fulminant Prism (dangerous; 1% risk of failure)
Confirm with . or Enter, or press ? or * to list all spells.
Aiming: Fulminant Prism (dangerous; 1% risk of failure)
Press: ? - help, Dir - move target You feel a surge of power!
You conjure a prism of explosive energy!
A fulminant prism comes into view.
Your fulminant prism crackles loudly.
Your fulminant prism explodes!
The blast of energy engulfs you!!
Ouch! That really hurt!
You die...

.#..#....# #....#.........#
.#..#....# ######....#####.....#
.#..#....# #.............#.....#
.#..#....# #.............#######
.#..##'### #.....##'#...........
.#...'...# #.....#..#...........
.#..##...# #.....#..#...........
.#..##...# #.....#+######.......
##......## #...@.....# #.......
.#......## #.........# #.......
.#.......# #.........# #.......
##..##...# #.........# #.......
##..##..#####.........+ #.......
##..#...#..........Y†.# #.......
....#.####.....####...####.......
....#.##.........##.........†...†
##..###...........#..............


You could see an elephant.

Vanquished Creatures
  A two-headed ogre (D:9)
  Joseph (D:7)
  A hornet (D:9)
  Prince Ribbit (D:6)
  Grinder (D:6)
  9 yaks
  A steam dragon (D:9)
  Menkaure (D:6)
  Duvessa (D:6)
  A water moccasin (D:7)
  3 black bears
  2 ice beasts
  3 ogres
  2 phantoms
  2 centaurs
  A kobold brigand (D:8)
  Blork the orc (D:6)
  2 gnoll sergeants
  A scorpion (D:5)
  4 bullfrogs
  A necrophage (D:5)
  10 wights
  Dowan (D:6)
  A howler monkey (D:8)
  2 centaur zombies (D:5)
  3 bullfrog zombies (D:5)
  A jelly (D:6)
  4 hounds
  A human zombie (D:5)
  An orc priest (D:8)
  3 gnoll boudas
  2 iguanas
  Ijyb (D:4)
  Terence (D:3)
  3 orc wizards
  A hound zombie (D:5)
  2 mummies (D:5)
  A howler monkey zombie (D:5)
  25 gnolls
  3 adders
  3 white imps
  An ufetubus (D:5)
  3 worms
  4 dart slugs
  18 orcs
  6 endoplasms
  3 giant cockroaches
  4 goblins
  5 hobgoblins
  A quokka (D:3)
  6 bats
  2 frilled lizards
  11 kobolds
  5 rats
178 creatures vanquished.

Vanquished Creatures (others)
  82 fulminant prisms
82 creatures vanquished.

Grand Total: 260 creatures vanquished

Notes
Turn   | Place    | Note
-------+----------+-------------------------------------------
     0 | D:1      | Sobieck the Deep Elf Conjurer began the quest for the Orb.
     0 | D:1      | Reached XP level 1. HP: 10/10 MP: 6/6
   202 | D:1      | Reached skill level 1 in Hexes
   274 | D:1      | Reached XP level 2. HP: 15/15 MP: 6/8
  1144 | D:2      | Learned a level 2 spell: Searing Ray
  1330 | D:2      | Reached XP level 3. HP: 19/19 MP: 3/10
  1478 | D:2      | Reached skill level 5 in Conjurations
  2035 | D:3      | Noticed Terence
  2038 | D:3      | Killed Terence
  2039 | D:3      | Reached XP level 4. HP: 24/24 MP: 7/12
  2152 | D:3      | Learned a level 4 spell: Fulminant Prism
  2431 | D:3      | Identified the +0 leather armour of Integrity {Int+3}
  2889 | D:4      | Noticed Ijyb
  2895 | D:4      | Killed Ijyb
  2966 | D:4      | Reached skill level 3 in Hexes
  2966 | D:4      | Reached XP level 5. HP: 28/28 MP: 4/13
  3047 | D:4      | Reached skill level 6 in Conjurations
  3480 | D:4      | Reached XP level 6. HP: 32/32 MP: 10/15
  3865 | D:5      | Entered Level 5 of the Dungeon
  3957 | D:5      | Got the Opusculum on Combustion and Thunder
  4046 | D:5      | Reached skill level 7 in Conjurations
  4159 | D:5      | Reached XP level 7. HP: 36/36 MP: 13/17
  4188 | D:5      | Learned a level 4 spell: Iskenderun's Mystic Blast
  4495 | D:5      | Reached skill level 1 in Translocations
  4497 | D:5      | Reached skill level 6 in Spellcasting
  4783 | D:5      | Reached skill level 8 in Conjurations
  5229 | D:5      | Reached XP level 8. HP: 39/41 MP: 3/19
  5557 | D:5      | Found a basalt altar of Yredelemnul.
  5565 | D:5      | Reached skill level 6 in Hexes
  5722 | D:6      | Found a staircase to the Ecumenical Temple.
  5723 | D:6      | Noticed Prince Ribbit
  5730 | D:6      | Killed Prince Ribbit
  5731 | D:6      | Reached skill level 3 in Translocations
  5833 | D:6      | Reached skill level 9 in Conjurations
  5834 | Temple   | Entered the Ecumenical Temple
  5909 | Temple   | Became a worshipper of Vehumet
  5942 | D:6      | Noticed Grinder
  5943 | D:6      | Paralysed by Grinder for 4 turns
  5953 | D:6      | Killed Grinder
  6059 | D:6      | Noticed Dowan
  6140 | D:6      | Reached XP level 9. HP: 45/45 MP: 10/22
  6144 | D:6      | Reached skill level 10 in Conjurations
  6266 | D:6      | Noticed Menkaure
  6268 | D:6      | Noticed Duvessa
  6270 | D:6      | Killed Menkaure
  6276 | D:6      | Killed Duvessa
  6399 | D:6      | Killed Dowan
  6613 | D:6      | Reached * piety under Vehumet
  6613 | D:6      | Offered knowledge of Shock by Vehumet.
  6620 | D:6      | Reached skill level 9 in Spellcasting
  6620 | D:6      | Reached skill level 11 in Conjurations
  6820 | D:6      | Noticed Blork the orc
  6827 | D:6      | Killed Blork the orc
  6876 | D:6      | Found Gozag's Platinum Reserve.
  6882 | D:6      | Found an opulent altar of Gozag.
  7116 | D:7      | Noticed Joseph
  7310 | D:7      | Killed Joseph
  7724 | D:7      | Reached XP level 10. HP: 50/50 MP: 16/25
  7732 | D:7      | Reached skill level 12 in Conjurations
  8031 | D:7      | Found Wuilud Cyzo's General Store.
  8358 | D:7      | Bought a +6 ring of intelligence for 468 gold pieces
  8726 | D:8      | Offered knowledge of Freeze by Vehumet.
  8856 | D:8      | Reached ** piety under Vehumet
  9483 | D:9      | Found a staircase to the Orcish Mines.
  9657 | D:9      | Noticed a two-headed ogre
  9669 | D:9      | Killed a two-headed ogre
  9670 | D:9      | Reached skill level 13 in Conjurations
  9864 | D:9      | Reached skill level 14 in Conjurations
  9890 | D:9      | Learned a level 7 spell: Orb of Destruction
 10069 | D:9      | Found a staircase to the Lair.
 10278 | D:9      | Found a glowing golden altar of the Shining One.
 10278 | D:9      | Found an ornate altar of the Wu Jian Council.
 10278 | D:9      | Found a bloodstained altar of Trog.
 10387 | D:9      | Noticed an elephant
 10390 | D:9      | Killed by an exploding fulminant prism

Illustrated notes

Levels and vault maps discovered:
D:1:      dpeg_arrival_rooms_a, layout_loops_ring
D:2:      layout_basic
D:3:      layout_basic, uniq_terence
D:4:      layout_basic, minmay_misc_feat_enclosed, uniq_ijyb
D:5:      layout_cave_pools, lemuel_mausoleum_altar_yredelemnul
D:6:      layout_cave_pools, nicolae_gozag_zags_fifth_avenue,
          minmay_temple_entry_mist, minmay_misc_feat_square,
          serial_bayou_pond_b, uniq_duvessa, uniq_menkaure, uniq_grinder,
          uniq_prince_ribbit1, uniq_blork_the_orc
D:7:      layout_rooms, serial_shops, shop, kennysheep_generic_room_10,
          uniq_joseph
D:8:      layout_basic
D:9:      layout_gridville, chequers_temple_overflow_statue_of_worship,
          david_lair_generic, orc_0_dummy
Temple:   bh_familiar_temple

Skill      XL: |  1  2  3  4  5  6  7  8  9 10 |
---------------+-------------------------------+-----
Hexes          | 1 2 3 4 5 7 8 |  8.0
Conjurations   | 5 6 7 8 9 11 14 | 14.4
Spellcasting   | 4 5 6 7 9 10 | 10.0
Translocations | 2 4 |  4.0
Dodging        | |  2.4
Stealth        | |  2.4

Action                     |  1- 3 |  4- 6 |  7- 9 | 10-12 || total
---------------------------+-------+-------+-------+-------++-------
  Melee: Staff             |     1 |       |     1 |       ||     2
   Cast: Magic Dart        |    65 |    51 |    44 |       ||   160
         Searing Ray       |     5 |    14 |    32 |       ||    51
         Fulminant Prism   |       |       |    45 |    37 ||    82
         Iskenderun's Myst |       |       |     8 |     7 ||    15
    Use: Scroll            |       |       |    16 |     1 ||    17
 Armour: Leather armour    |       |     5 |     7 |     2 ||    14
  Dodge: Dodged            |       |     5 |    33 |     4 ||    42

Table legend: (Time is in decaauts)
 A = Elapsed time spent in this place.
 B = Non-inter-level travel time spent in this place.
 C = Inter-level travel time spent in this place.
 D = Time resting spent in this place.
 E = Time spent auto-exploring this place.
 F = Levels seen in this place.
 G = Mean time per level.
                   A        B        C        D        E       F      G
               +--------+--------+--------+--------+--------+-----+--------+
         Total |  10409 |   9967 |    442 |   1787 |   6791 |  10 | 1040.9 |
       Dungeon |  10307 |   9891 |    416 |   1787 |   6722 |   9 | 1145.2 |
        Temple |    101 |     75 |     26 |      0 |     69 |   1 |  101.0 |
               +--------+--------+--------+--------+--------+-----+--------+

Top non-repeatable levels by time:
     D:5: 1882 daAuts
     D:4: 1516 daAuts
     D:8: 1188 daAuts
     D:1: 1111 daAuts
     D:7: 1033 daAuts
     D:3: 1008 daAuts
     D:6: 907 daAuts
     D:9: 888 daAuts
     D:2: 771 daAuts
  Temple: 101 daAuts
